 Dungeon Crawl Stone Soup version 0.28-a0-514-g0d7ab7f379 (webtiles) character file.

Game seed: 10164492197437656596

0 meatgazer the Skirmisher (level 1, -3/18 HPs)
             Began as a Demonspawn Abyssal Knight on Sept 22, 2021.
             Was a Follower of Lugonu.
             Slain by a fire elemental (10 damage)
             ... while paralysed by an orc sorcerer
             ... on level 1 of the Abyss.
             The game lasted 00:00:28 (172 turns).

meatgazer the Skirmisher (Demonspawn Abyssal Knight) Turns: 172, Time: 00:00:28

Health: -3/18      AC:  3    Str: 13    XL:     1   Next: 0%
Magic:  2/2        EV:  2    Int: 11    God:    Lugonu [*.....]
Gold:   0          SH:  0    Dex: 13    Spells: 0/0 levels left

rFire   . . .      SeeInvis .   a - +1 falchion
rCold   . . .      Faith    .   (no shield)
rNeg    . . .      Spirit   .   b - +0 leather armour
rPois   .          Reflect  .   (no helmet)
rElec   .          Harm     .   (no cloak)
rCorr   .          Rampage  .   (no gloves)
Will    .....                   (no boots)
Stlth   +.........              (no amulet)
HPRegen 0.06/turn               (no ring)
MPRegen 0.08/turn               (no ring)

@: paralysed
A: no striking features
a: Renounce Religion, Depart the Abyss


You were on level 1 of the Abyss.
You worshipped Lugonu.
Lugonu was aware of your devotion.
You visited 0 branches of the dungeon, and saw 0 of its levels.
You visited the Abyss 1 time.

Inventory:

Hand Weapons
 a - a +1 falchion (weapon)
Armour
 b - a +0 leather armour (worn)


   Skills:
 + Level 3.0 Fighting
 + Level 1.7 Long Blades
 + Level 1.7 Armour
 + Level 0.8 Dodging
 + Level 2.4 Invocations


You couldn't memorise any spells.
You didn't know any spells.
Your spell library was empty.

Dungeon Overview and Level Annotations

Branches:
Dungeon (0/15)

Altars:


Message History

Welcome, meatgazer the Demonspawn Abyssal Knight.
Will you be the one to retrieve the legendary Orb of Zot from the depths?
Lugonu says: Depart the Abyss and spread corruption, my servant! (use the ability menu to exit the Abyss) Press ? for a list of commands and other information.
Found a corrupted altar of Lugonu.
Found a dagger.
You enter the shallow water.
Moving in this stuff is going to be slow.
Found a gateway leading out of the Abyss.
A chaos spawn comes into view.
A chaos spawn is nearby!
You start waiting.
A small abomination comes into view.
A small abomination is nearby!
A small abomination is nearby!
Found a scroll labelled YSAFEWYMIH.
An iron imp comes into view.
The iron imp shouts, "Away with thee, thou droning base-court vulture!"
Welcome back, meatgazer the Demonspawn Abyssal Knight.
Lugonu says: Spread carnage and corruption!
Press ? for a list of commands and other information.
A fire elemental comes into view.
The small abomination is engulfed in blazing flames.
The small abomination is engulfed in blazing flames.
The small abomination is engulfed in blazing flames.
The small abomination is destroyed!
The iron imp spits at you.
A small abomination comes into view.
Found a leather armour.
An orc sorcerer comes into view. It is wielding a +0 dagger.
The orc sorcerer shouts!
The orc sorcerer points at you and mumbles some strange words.
You suddenly lose the ability to move!
The orc sorcerer shouts, "You are history!"
The fire elemental hits you. The fire elemental burns you!
Ouch! That really hurt!
The fire elemental hits you. The fire elemental burns you!
Ouch! That really hurt!
You die...

## #.##.#☼.#
##
##...#.[#.○#
.# ..
#....5°#.#.#
#..#.##.☼#.
#. #..
.E.###...
#... ##...#
#.. #..##○.
#.##.#
#.E##...# .#
###@.#...#
#..#o#.#..
..#.. .....
#.......
.##. #..#
...## ..
#..# .####
.. #.# # .
.#


You could see a fire elemental and an orc sorcerer.

Vanquished Creatures (others)
  A small abomination (Abyss:1)
1 creature vanquished.

Notes
Turn   | Place    | Note
-------+----------+-------------------------------------------
     0 | Abyss:1  | meatgazer the Demonspawn Abyssal Knight began the quest for
                  | the Orb.
     0 | Abyss:1  | Reached XP level 1. HP: 18/18 MP: 2/2
    98 | Abyss:1  | Noticed a chaos spawn
   137 | Abyss:1  | Noticed a small abomination
   145 | Abyss:1  | Noticed an iron imp
   148 | Abyss:1  | Noticed a fire elemental
   156 | Abyss:1  | Killed a small abomination
   163 | Abyss:1  | Noticed a small abomination
   165 | Abyss:1  | Noticed an orc sorcerer
   169 | Abyss:1  | Paralysed by an orc sorcerer for 7 turns
   172 | Abyss:1  | Slain by a fire elemental

Illustrated notes

Levels and vault maps discovered:
Abyss:1:  base: Temple, serial_sigils_hangedman_shear, base: Temple, base:
Temple

Action                   || total
-------------------------++-------
Armor: Leather armour    ||     2

Table legend: (Time is in decaauts)
 A = Elapsed time spent in this place.
 B = Non-inter-level travel time spent in this place.
 C = Inter-level travel time spent in this place.
 D = Time resting spent in this place.
 E = Time spent auto-exploring this place.
 F = Levels seen in this place.
 G = Mean time per level.
                   A        B        C        D        E       F      G
               +--------+--------+--------+--------+--------+-----+--------+
         Total |    172 |    172 |      0 |     33 |     96 |   1 |  172.0 |
         Abyss |    172 |    172 |      0 |     33 |     96 |   1 |  172.0 |
               +--------+--------+--------+--------+--------+-----+--------+

Top non-repeatable levels by time:
 Abyss:1: 172 daAuts
